 Dungeon Crawl Stone Soup version 0.29.1-2-gbd0b4ee654 (webtiles) character file.

Game seed: 15894090863262848041

4 qeuew the Trooper (level 1, 0/18 HPs)
             Began as a Demonspawn Abyssal Knight on Nov 11, 2022.
             Was an Initiate of Ashenzari.
             Slain by a small abomination (2 damage)
             ... created by the touch of Lugonu
             ... on level 1 of the Dungeon.
             The game lasted 00:01:03 (312 turns).

qeuew the Trooper (Demonspawn Abyssal Knight)        Turns: 312, Time: 00:01:04

Health: 0/18       AC:  5    Str: 13    XL:     1   Next: 58%
Magic:  2/2        EV: 10    Int: 11    God:    Ashenzari [......]
Gold:   7          SH:  0    Dex: 13    Spells: 0/0 levels left

rFire   . . .      SeeInvis .   a - +1 hand axe
rCold   . . .      Faith    .   (no shield)
rNeg    . . .      Spirit   .   g - +0 ring mail
rPois   .          Reflect  .   (no helmet)
rElec   .          Harm     .   (no cloak)
rCorr   .          Rampage  .   (no gloves)
Will    .....                   (no boots)
Stlth   +.........              (no amulet)
HPRegen 0.06/turn               (no ring)
MPRegen 0.08/turn               (no ring)

@: no status effects
A: no striking features
a: Renounce Religion


You were on level 1 of the Dungeon.
You worshipped Ashenzari.
Ashenzari was noncommittal.
You visited 1 branch of the dungeon, and saw 1 of its levels.
You visited the Abyss 1 time.

You collected 7 gold pieces.

Inventory:

Hand Weapons
 a - a +1 hand axe (weapon)
Armour
 g - a +0 ring mail (worn)
Potions
 c - a potion of attraction
 d - a potion of mutation {unknown}
 f - a potion of brilliance {unknown}


   Skills:
 + Level 3.0 Fighting
 + Level 1.8 Axes
 + Level 1.8 Armour
 + Level 1.0 Dodging
 + Level 2.5 Invocations


You couldn't memorise any spells.
You didn't know any spells.
Your spell library was empty.

Dungeon Overview and Level Annotations

Branches:
Dungeon (1/15)

Altars:


Message History

You see here a +0 ring mail.
g - a +0 ring mail You start removing your armour.
You continue taking off your +0 leather armour. x4
You finish taking off your +0 leather armour.
You start putting on your armour.
You continue putting on your +0 ring mail. x5
You finish putting on your +0 ring mail.
You drop a +0 leather armour.
A rat comes into view.
The rat bites you.
You hit the rat.
You kill the rat!
No target in view!
No target in view!
No target in view!
No target in view!
No target in view!
Lugonu sends minions to punish you. 2 small abominations come into view.
There are monsters nearby!
There are monsters nearby!
You see here a rat corpse.
The small abomination attacks as you move away!
The small abomination hits you!
Ouch! That really hurt!
The small abomination barely misses you.
The small abomination attacks as you move away!
The small abomination barely misses you.
The small abomination misses you.
The small abomination attacks as you move away!
The small abomination barely misses you.
The small abomination hits you but does no damage.
As you read the scroll labelled SIJUDD TYIGU, it crumbles to dust.
It is a scroll of identify.
c - a potion of attraction The small abomination hits you.
* * * LOW HITPOINT WARNING * * *
The small abomination hits you.
You die...

#.#.#.###.# #>.#∩.............∩
#.#...# #.# #..#∩.............∩
...#.## #.# #..##.............#
.#...# #.#####..##.............#
...#.####.#..!...##..##.∩........
#.##........# ..#∩.. #..∩......∩
#. ######x### #.##.÷.....#.....#
# #.# #.### ####.#.....# #†# #@#
###...... #.# #x# #∩......
#.######.### #∩.....#
#.x........# #∩...÷.#
########.#.# ##.....∩ #.#.#
#..÷..# #.. . ##...## ###.##
#...# .# ##÷.#


You could see a small abomination.

Vanquished Creatures
  2 ball pythons (D:1)
  A goblin (D:1)
  2 rats (D:1)
5 creatures vanquished.

Notes
Turn   | Place    | Note
-------+----------+-------------------------------------------
     0 | Abyss:1  | qeuew the Demonspawn Abyssal Knight began the quest for the
                  | Orb.
     0 | Abyss:1  | Reached XP level 1. HP: 18/18 MP: 2/2
    51 | Abyss:1  | Found a broken altar of Ashenzari.
    53 | Abyss:1  | Found a corrupted altar of Lugonu.
    58 | Abyss:1  | Fell from the grace of Lugonu
    58 | Abyss:1  | Became a worshipper of Ashenzari the Shackled
    72 | D:1      | Escaped the Abyss
   178 | D:1      | Reached skill level 1 in Dodging
   299 | D:1      | Noticed a small abomination
   299 | D:1      | Noticed a small abomination
   312 | D:1      | Slain by a small abomination

Illustrated notes

Levels and vault maps discovered:
D:1:      amcnicky_arrival_abandoned_market, layout_loops_ring,
          chequers_ecumenical_altar_island

Skill      XL: |  1 |
---------------+----+-----
Dodging        | 1 |  1.0
Fighting       | |  3.0
Axes           | |  1.8
Armour         | |  1.8
Invocations    | |  2.5

Action                   || total
-------------------------++-------
Melee: Hand axe          ||    11
  Use: Scroll            ||     1
Armor: Leather armour    ||     2
       Ring mail         ||     1
Dodge: Dodged            ||    13
